 Dungeon Crawl Stone Soup version 0.21-a0-507-ga8f6b7a (webtiles) character file.

24751 kae the Brawler (level 12, -8/126 HPs)
             Began as a Troll Monk on Nov 27, 2017.
             Mangled by a white ugly thing (12 damage)
             ... on level 13 of the Dungeon.
             The game lasted 00:24:47 (13408 turns).

kae the Brawler (Troll Monk)                       Turns: 13408, Time: 00:24:47

Health: -8/126     AC:  9    Str: 32    XL:     12   Next: 83%
Magic:  0/11       EV: 18    Int:  6    God:
Gold:   800        SH:  0    Dex: 22    Spells: 11/11 levels left

rFire    + . .     SeeInvis .     - Unarmed
rCold    . . .     Gourm    +   (no shield)
rNeg     . . .     Faith    .   F - +1 troll leather armour
rPois    .         Spirit   +   G - +1 hat
rElec    +         Reflect  .   (no cloak)
rCorr    .         Harm     .   (gloves unavailable)
MR       .....                  (boots unavailable)
Stlth    +++.......             L - amulet "Depil" {Spirit +Blink rElec MR- Str+7}
HPRegen  1.11/turn              x - +3 ring of strength
MPRegen  0.12/turn              y - +4 ring of dexterity

@: no status effects
A: large, unfitting armour, claws 3, camouflage 1, agile 1, fire resistance 1,
fast metabolism 3, gourmand, regeneration 1, shaggy fur 1, tough skin 2
a: Evoke Blink


You were on level 13 of the Dungeon.
You were completely stuffed.

You visited 2 branches of the dungeon, and saw 14 of its levels.

You collected 927 gold pieces.
You spent 127 gold pieces at shops.

Inventory:

Armour
 F - a +1 troll leather armour (worn)
 G - a +1 hat (worn)
Jewellery
 i - an uncursed ring of protection from cold
 j - an uncursed amulet of regeneration
 t - a +2 ring of strength
 x - a +3 ring of strength (left claw)
 y - a +4 ring of dexterity (right claw)
 z - an uncursed ring of stealth
 D - an uncursed ring of resist corrosion
 L - the amulet "Depil" (around neck) {Spirit +Blink rElec MR- Str+7}
   (You acquired it on level 11 of the Dungeon)

   [amulet of guardian spirit]

   It causes incoming damage to be split between your health and magic.
   It affects your strength (+7).
   It insulates you from electricity.
   It affects your resistance to hostile enchantments.
   It lets you blink.
 U - a +2 ring of dexterity
Wands
 s - a wand of disintegration (11)
 v - a wand of polymorph (17)
 E - a wand of iceblast (25)
 M - a wand of digging (10)
 N - a wand of random effects (25)
 Q - a wand of clouds (8)
Scrolls
 a - a scroll of brand weapon {unknown}
 d - 2 scrolls of amnesia
 e - a scroll of blinking
 k - 2 scrolls of teleportation
 m - 9 scrolls of remove curse
 p - a scroll of holy word {unknown}
 H - 2 scrolls of enchant weapon
 O - 2 scrolls of torment
 R - 2 scrolls of magic mapping
 S - a scroll of identify
Potions
 g - 6 potions of mutation
 h - 9 potions of heal wounds
 l - 3 potions of resistance
 n - 4 potions of brilliance
 q - 5 potions of curing
 r - 3 potions of magic
 u - 2 potions of degeneration {unknown}
 w - 2 potions of agility {unknown}
 A - 2 potions of lignification {unknown}
 B - 3 potions of invisibility {unknown}
 I - 2 potions of berserk rage
 J - a potion of flight {unknown}
 K - a potion of cancellation {unknown}
Books
 C - a book of Frost

   Spells                             Type                      Level
   a - Freeze                         Ice                          1
   b - Throw Frost                    Conjuration/Ice              2
   c - Ozocubu's Armour               Charms/Ice                   3
   d - Throw Icicle                   Conjuration/Ice              4
   e - Summon Ice Beast               Ice/Summoning                4
 P - a book of Conjurations

   Spells                             Type                      Level
   a - Magic Dart                     Conjuration                  1
   b - Searing Ray                    Conjuration                  2
   c - Dazzling Spray                 Conjuration/Hexes            3
   d - Fulminant Prism                Conjuration/Hexes            4
   e - Force Lance                    Conjuration/Translocation    4
   f - Iskenderun's Mystic Blast      Conjuration                  4
 T - a book of Geomancy

   Spells                             Type                      Level
   a - Sandblast                      Earth                        1
   b - Passwall                       Transmutation/Earth          2
   c - Stone Arrow                    Conjuration/Earth            3
   d - Petrify                        Transmutation/Earth          4
   e - Lee's Rapid Deconstruction     Earth                        5
 W - a book of Flames

   Spells                             Type                      Level
   a - Flame Tongue                   Conjuration/Fire             1
   b - Throw Flame                    Conjuration/Fire             2
   c - Conjure Flame                  Conjuration/Fire             3
   d - Inner Flame                    Hexes/Fire                   3
   e - Sticky Flame                   Conjuration/Fire             4
   f - Fireball                       Conjuration/Fire             5
Comestibles
 b - 8 bread rations
 c - 6 fruits
 f - 17 royal jellies
 o - 8 meat rations
 V - 6 chunks of flesh


   Skills:
 + Level 9.6 Fighting
 + Level 9.7 Dodging
 - Level 1.0 Stealth
 * Level 15.1 Unarmed Combat


You had 11 spell levels left.
You didn't know any spells.

Dungeon Overview and Level Annotations

Branches:
Dungeon (13/15)            Temple (1/1) D:5            Lair (0/6) D:10
    Orc (0/2) D:9          Vaults (0/5) D:13

Altars:
Ashenzari
Cheibriados
Dithmenos
Elyvilon
Fedhas
Gozag
Hepliaklqana
Kikubaaqudgha
Makhleb
Nemelex Xobeh
Okawaru
Qazlal
Ru
Sif Muna
Trog
Uskayaw
Vehumet
Xom
Yredelemnul
Zin
The Shining One
Lugonu

Shops:
D:6 (?=:[   D:7 ?%[   D:8 [   D:9 [   D:12 *


Innate Abilities, Weirdness & Mutations

You are too large for most types of armour.
You have claws for hands.
Your metabolism is lightning-fast.
You like to eat raw meat.
Your natural rate of healing is unusually fast.
You are covered in fur. (AC +1)
You have very tough skin. (AC +2)
Your skin changes colour to match your surroundings (Stealth+).
You are agile. (Dex +2)
Your flesh is heat resistant. (rF+)


Message History

The black bear is heavily wounded.
The black bear misses you. x3
The orc shouts!
You mangle the black bear!!
You kill the black bear!
There is an open door here.
You open the door. The white ugly thing misses you.
Found a buckler.
There is an open door here.
The white ugly thing tentacle-slaps you!
* * * LOW HITPOINT WARNING * * *
The white ugly thing freezes you!
* * * LOW HITPOINT WARNING * * *
You mangle the white ugly thing!! You claw the white ugly thing!
The white ugly thing is severely wounded.
You hear a shout!
The white ugly thing tentacle-slaps you.
* * * LOW HITPOINT WARNING * * *
The white ugly thing freezes you!
You die...

#####.........................
#.........................
#.........................
#.........................
#............<............
#.........................
#####.................o..)o...
......##########+####'######'#
......# .......@.#.......# .
......# ........u#.......#
......# .........'.......#
......# ........[#.......#
.....(######.....###......#
.....(.....#########......#
...........'........%.......
...........#.....)..........
..(........#...............


You could see a white ugly thing.

Vanquished Creatures
  The ghost of Ijustatesigmund the Covert, a journeyman OpAs of Okawaru (D:11)
  2 hydras
  2 two-headed ogres (D:11)
  An unseen horror (D:12)
  Pikel (D:7)
  The ghost of MDvedh the Ducker, a novice GnGl of Ashenzari (D:6)
  3 ugly things (D:12)
  4 cyclopes
  2 centaur zombies
  A spiny frog (shapeshifter) (D:12)
  Psyche (D:9)
  A gargoyle (D:11)
  An efreet (D:12)
  2 trolls (D:9)
  A queen bee (D:11)
  Grinder (D:3)
  A hippogriff (D:10)
  4 slime creatures (D:12)
  4 humans (D:7)
  2 wyverns
  Eustachio (D:5)
  23 yaks
  2 hungry ghosts (D:11)
  A steam dragon (D:11)
  2 insubstantial wisps (D:11)
  A water moccasin (D:7)
  4 ice beasts
  3 slaves (D:7)
  10 sky beasts
  4 orc warriors
  6 ogres
  3 black bears
  2 crocodiles
  10 centaurs
  3 big kobolds
  10 bullfrogs
  4 scorpions
  14 killer bees
  20 wights
  2 howler monkeys
  3 crimson imps
  A quasit (D:11)
  6 hounds
  17 orc wizards
  3 orc priests
  4 jellies
  5 bullfrog skeletons
  5 iguanas
  6 centaur skeletons
  6 worker ants
  Natasha (thrice) (D:3)
  A killer bee zombie (D:6)
  A hound zombie (D:6)
  3 hound skeletons
  A mummy (D:5)
  A howler monkey skeleton (D:8)
  13 gnolls
  A howler monkey zombie (D:10)
  12 adders
  3 shadow imps
  An ooze (D:6)
  An adder skeleton (D:6)
  2 worms
  3 dart slugs
  8 leopard geckos
  36 orcs
  A ball python (D:4)
  4 bats
  7 giant cockroaches
  10 hobgoblins
  7 jackals
  3 quokkas
  7 frilled lizards
  8 goblins
  17 kobolds
  3 quokka skeletons
  7 rats
381 creatures vanquished.

Vanquished Creatures (others)
  An orc wizard (D:11)
  2 orcs (D:2)
3 creatures vanquished.

Grand Total: 384 creatures vanquished

Notes
Turn   | Place    | Note
-------+----------+-------------------------------------------
     0 | D:1      | kae the Troll Monk began the quest for the Orb.
     0 | D:1      | Reached XP level 1. HP: 22/22 MP: 0/0
   207 | D:1      | Reached XP level 2. HP: 29/29 MP: 1/1
   727 | D:2      | Reached XP level 3. HP: 36/36 MP: 2/2
   889 | D:2      | Found a glowing golden altar of the Shining One.
   889 | D:2      | Found a basalt altar of Yredelemnul.
   892 | D:2      | Noticed a profane servitor
   922 | D:2      | Reached skill level 4 in Unarmed Combat
   922 | D:2      | Reached XP level 4. HP: 41/44 MP: 3/3
  1466 | D:3      | Noticed Natasha
  1473 | D:3      | Killed Natasha
  1487 | D:3      | Noticed Natasha
  1492 | D:3      | Killed Natasha
  1492 | D:3      | Reached XP level 5. HP: 53/53 MP: 4/4
  1666 | D:3      | Noticed Natasha
  1677 | D:3      | Killed Natasha
  1731 | D:3      | Found an opulent altar of Gozag.
  1731 | D:3      | Found a sparkling altar of Nemelex Xobeh.
  1744 | D:3      | Noticed Grinder
  1756 | D:3      | Killed Grinder
  1756 | D:3      | Reached skill level 5 in Unarmed Combat
  1756 | D:3      | Reached XP level 6. HP: 29/61 MP: 5/5
  2008 | D:3      | Found a white marble altar of Elyvilon.
  2041 | D:3      | Found a hazy altar of Hepliaklqana.
  2652 | D:4      | Reached skill level 6 in Unarmed Combat
  2660 | D:3      | Reached XP level 7. HP: 63/68 MP: 6/6
  2883 | D:4      | Found a shadowy altar of Dithmenos.
  2981 | D:4      | Found a glowing silver altar of Zin.
  3049 | D:4      | Found a burning altar of Makhleb.
  3348 | D:5      | Entered Level 5 of the Dungeon
  3489 | D:5      | Reached skill level 7 in Unarmed Combat
  3650 | D:5      | Noticed Eustachio
  3687 | D:5      | Reached XP level 8. HP: 75/79 MP: 7/7
  3706 | D:5      | Killed Eustachio
  3950 | D:5      | Reached skill level 8 in Unarmed Combat
  4017 | D:5      | Found a blossoming altar of Fedhas.
  4076 | D:5      | Found a staircase to the Ecumenical Temple.
  4086 | Temple   | Entered the Ecumenical Temple
  4199 | D:5      | Reached skill level 5 in Dodging
  4245 | D:5      | Found a snail-covered altar of Cheibriados.
  4434 | D:6      | Noticed MDvedh's ghost (novice GnGl)
  4518 | D:6      | Reached skill level 5 in Fighting
  4539 | D:6      | Found Kappij's Book Boutique.
  4598 | D:6      | Found Qylia's Jewellery Shoppe.
  4605 | D:6      | Bought a cursed amulet of inaccuracy for 20 gold pieces
  4605 | D:6      | Bought a cursed ring of teleportation for 45 gold pieces
  4657 | D:6      | Found Juanwaf's Weapon Shoppe.
  4692 | D:6      | Found Kogodwutz's Magic Scroll Boutique.
  4696 | D:6      | Bought a scroll of identify for 30 gold pieces
  5135 | D:6      | Killed MDvedh's ghost
  5135 | D:6      | Reached skill level 9 in Unarmed Combat
  5135 | D:6      | Reached XP level 9. HP: 16/88 MP: 8/8
  5807 | D:6      | Found Ufeadif's Antique Armour Shoppe.
  6029 | D:7      | Found Hiniv's Food Shoppe.
  6062 | D:7      | Found Sokhuqac's Magic Scroll Boutique.
  6221 | D:7      | Bought a scroll of identify for 32 gold pieces
  6316 | D:7      | Reached skill level 10 in Unarmed Combat
  6430 | D:7      | Found Asiluty's Armour Emporium.
  6502 | D:7      | Noticed Pikel
  6526 | D:7      | Killed Pikel
  6556 | D:7      | Found a radiant altar of Vehumet.
  6627 | D:7      | Reached XP level 10. HP: 86/100 MP: 9/9
  6746 | D:7      | Found a shattered altar of Ashenzari.
  7226 | D:8      | Found an ancient bone altar of Kikubaaqudgha.
  7308 | D:8      | Found a sacrificial altar of Ru.
  7475 | D:8      | Reached skill level 11 in Unarmed Combat
  7497 | D:8      | Found Foifet's Armour Emporium.
  7710 | D:8      | Found a stormy altar of Qazlal.
  8062 | D:9      | Noticed Psyche
  8084 | D:9      | Killed Psyche
  8274 | D:9      | Noticed an eight-headed hydra
  8450 | D:9      | Found a staircase to the Orcish Mines.
  8497 | D:9      | Killed a 12-headed hydra
  8497 | D:9      | Reached skill level 12 in Unarmed Combat
  8772 | D:9      | Found Xungar's Armour Emporium.
  8839 | D:9      | Reached XP level 11. HP: 108/109 MP: 10/10
  9099 | D:10     | Entered Level 10 of the Dungeon
  9099 | D:10     | Found a shimmering altar of Xom.
  9103 | D:10     | Gained mutation: You are agile. (Dex +2) [potion of mutation]
  9103 | D:10     | Gained mutation: Your skin changes colour to match your surroundings (Stealth+). [potion of mutation]
  9103 | D:10     | Gained mutation: Your flesh is heat resistant. (rF+) [potion of mutation]
  9829 | D:10     | Found a staircase to the Lair.
 10488 | D:11     | Noticed Ijustatesigmund's ghost (journeyman OpAs)
 10508 | D:11     | Killed Ijustatesigmund's ghost
 10583 | D:11     | Noticed a four-headed hydra
 10596 | D:11     | Killed an 11-headed hydra
 10656 | D:11     | Reached skill level 13 in Unarmed Combat
 10852 | D:11     | Noticed a two-headed ogre
 10884 | D:11     | Killed a two-headed ogre
 11103 | D:11     | Reached XP level 12. HP: 104/122 MP: 11/11
 11124 | D:11     | Noticed a two-headed ogre
 11142 | D:11     | Killed a two-headed ogre
 11409 | D:11     | Identified a scroll of acquirement
 11410 | D:11     | Got a crude ivory amulet
 11411 | D:11     | Identified the amulet "Depil" {Spirit +Blink rElec MR- Str+7} (You acquired it on level 11 of the Dungeon)
 11992 | D:12     | Reached skill level 14 in Unarmed Combat
 12311 | D:12     | Found Puca's General Store.
 13297 | D:13     | Reached skill level 15 in Unarmed Combat
 13375 | D:13     | Noticed a deep troll earth mage
 13385 | D:13     | Found a gate to the Vaults.
 13385 | D:13     | Noticed a vault guard
 13385 | D:13     | Noticed a vault guard
 13385 | D:13     | Noticed a vault guard
 13385 | D:13     | Noticed a vault guard
 13385 | D:13     | Noticed a vault guard
 13385 | D:13     | Noticed a vault guard
 13385 | D:13     | Noticed a vault guard
 13386 | D:13     | Noticed a vault guard
 13390 | D:13     | Noticed a fire giant
 13406 | D:13     | HP: 3/126 [white ugly thing (16)]
 13408 | D:13     | Mangled by a white ugly thing

Vault maps used:
D:1:      dpeg_arrival_stone_temple_mockup
D:2:      grunt_temple_overflow_holy_war, nicolae_overflow_hidden_temple
D:3:      grunt_temple_overflow_opulence, lemuel_crystal_altar,
          elyvilon_altar_5, minmay_misc_feat_alley, minivault_24, uniq_natasha,
          uniq_grinder
D:4:      kennysheep_mini_moat, grunt_dithmenos_smoke_and_mirrors,
          nicolae_overflow_crystal_walls, first_bread, minivault_27,
          patterned_corridor
D:5:      slow_altar_2, fedhas_altar_3, minmay_temple_entry_poolview,
          hangedman_abyss_or_decor_lesser_grid, uniq_eustachio
D:6:      nicolae_whirlpool, serial_shops, shop, shop, shop,
          nicolae_shop_statue_plus, shop
D:7:      corexii_shack_village, lemuel_round_altar, basic_altar, serial_shops,
          nicolae_shop_crystal, nicolae_shop_waterfront, shop, minmay_ruffians,
          uniq_pikel
D:8:      overflow_temple_1_default, kennysheep_little_box,
          nicolae_ru_great_annihilating_truth, serial_shops, shop
D:9:      minmay_imperfect_grid, serial_shops, kennysheep_mini, minivault_1,
          uniq_psyche
D:10:     lair_entry_dummy, basic_altar
D:11:     david_nohive_1, hangedman_misty_isle
D:12:     serial_shops, nicolae_shop_temple_entry_statues_fountains
D:13:     erik_vaults_2, minmay_radiant
Temple:   corrupted_temple

Skill      XL: |  1  2  3  4  5  6  7  8  9 10 11 12 |
---------------+-------------------------------------+-----
Unarmed Combat | 4 5 6 7 9 10 12 13 15 | 15.1
Dodging        | 3 4 5 6 7 8 9 |  9.7
Fighting       | 3 4 5 6 7 8 9 |  9.6
Stealth        | |  1.0

Action                   |  1- 3 |  4- 6 |  7- 9 | 10-12 || total
-------------------------+-------+-------+-------+-------++-------
Melee: Unarmed           |    82 |    98 |   345 |   633 ||  1158
       Punch             |     2 |     1 |    11 |    68 ||    82
Evoke: Wand              |       |       |       |     4 ||     4
  Use: Scroll            |     4 |     4 |       |    21 ||    29
       Potion            |       |       |       |     4 ||     4
 Stab: Sleeping          |     2 |     4 |     7 |     9 ||    22
       Distracted        |       |       |     1 |     5 ||     6
  Eat: Chunk             |    10 |    17 |    39 |    61 ||   127
       Bread ration      |       |       |       |     1 ||     1
Armor: Robe              |    24 |    23 |    81 |    21 ||   149
       Troll leather arm |       |       |       |   114 ||   114
Dodge: Dodged            |    36 |    63 |   219 |   427 ||   745

Table legend:
 A = Spawn XP
 B = Non-spawn XP
 C = Spawn XP percentage of total XP
 D = Spawn monster count
 E = Non-spawn monster count
 F = Spawn count percentage of total count
 G = Total turns spent on level
                    A         B        C        D         E        F      G
               +---------+---------+-------+---------+---------+-------+---------
         Total |       0 |   35359 |   0.0 |       0 |     378 |   0.0 | 13408
               +---------+---------+-------+---------+---------+-------+---------
           D:1 |       0 |      33 |   0.0 |       0 |      20 |   0.0 |   617
           D:2 |       0 |     122 |   0.0 |       0 |      23 |   0.0 |   962
           D:3 |       0 |     699 |   0.0 |       0 |      32 |   0.0 |  1252
           D:4 |       0 |     225 |   0.0 |       0 |      17 |   0.0 |   697
           D:5 |       0 |    1077 |   0.0 |       0 |      33 |   0.0 |  1416
           D:6 |       0 |    1551 |   0.0 |       0 |      24 |   0.0 |  1681
           D:7 |       0 |    2180 |   0.0 |       0 |      28 |   0.0 |  1000
           D:8 |       0 |    1006 |   0.0 |       0 |      22 |   0.0 |   634
           D:9 |       0 |    4333 |   0.0 |       0 |      41 |   0.0 |  1435
          D:10 |       0 |    1289 |   0.0 |       0 |      15 |   0.0 |   945
          D:11 |       0 |   11230 |   0.0 |       0 |      72 |   0.0 |  1215
          D:12 |       0 |    7326 |   0.0 |       0 |      25 |   0.0 |  1151
          D:13 |       0 |    4288 |   0.0 |       0 |      26 |   0.0 |   342
               +---------+---------+-------+---------+---------+-------+---------
